 Dungeon Crawl Stone Soup version 0.26-a0-20-g5f92b90fa0 (webtiles) character file.

Game seed: 8616925770578531024, levelgen mode: deterministic

5898 Esekla the Carver (level 10, -1/80 HPs)
             Began as a Barachi Enchanter on May 25, 2020.
             Was an Initiate of Gozag.
             Slain by a warg (13 damage)
             ... on level 9 of the Dungeon.
             The game lasted 01:02:15 (10210 turns).

Esekla the Carver (Barachi Enchanter)              Turns: 10210, Time: 01:02:15

Health: -1/80      AC:  7    Str: 12    XL:     10   Next: 82%
Magic:  15/15      EV: 15    Int: 18    God:    Gozag
Gold:   1776       SH:  5    Dex: 14    Spells: 3/15 levels left

rFire    . . .     SeeInvis .   y - +2 long sword of Defenestration {freeze, rN+} (curse)
rCold    + . .     Gourm    .   (no shield)
rNeg     + + .     Faith    .   G - +2 robe {rN+}
rPois    .         Spirit   .   (no helmet)
rElec    .         Reflect  +   (no cloak)
rCorr    .         Harm     .   j - +2 pair of gloves {Str+3}
MR       .....                  (no boots)
Stlth    ++........             s - amulet of reflection
HPRegen  0.23/turn              h - +4 ring of slaying
MPRegen  0.14/turn              B - ring of protection from cold

@: gold aura, slow
A: +LOS, swims, slowness 1, strong legs 1
a: Hop, Potion Petition, Call Merchant, Bribe Branch, Renounce Religion


You were on level 9 of the Dungeon.
You worshipped Gozag.
Gozag was most pleased with you.
You were very hungry.

You visited 2 branches of the dungeon, and saw 10 of its levels.

You collected 1806 gold pieces.
You paid 30 gold pieces to Gozag.

Inventory:

Hand Weapons
 a - a +1 dagger
 r - a +1 falchion
 y - the cursed +2 long sword of Defenestration (weapon) {freeze, rN+}
   (You found it on level 5 of the Dungeon)

   It has been specially enchanted to freeze those struck by it, causing extra
   injury to most foes and up to half again as much damage against particularly
   susceptible opponents.
   It can also slow down cold-blooded creatures.
   It protects you from negative energy.
   It has a curse placed upon it.
 D - a +2 trident of freezing
 F - a +2 dagger of venom
 N - a +4 great sword
Missiles
 v - 5 silver boomerangs
 K - 6 boomerangs (quivered)
Armour
 j - a +2 pair of gloves of strength (worn)
 G - a +2 robe of positive energy (worn)
 O - a +1 ring mail of poison resistance
Jewellery
 h - a +4 ring of slaying (left hand)
 o - an uncursed ring of protection from cold
 q - an uncursed ring of ice
 s - an amulet of reflection (around neck)
 w - an uncursed ring of protection from magic
 B - a ring of protection from cold (right hand)
Wands
 g - a wand of digging (4)
 u - a wand of paralysis (8)
 J - a wand of acid (2)
 M - a wand of random effects (14)
Scrolls
 b - 3 scrolls of fear {unknown}
 f - 6 scrolls of teleportation
 i - 4 scrolls of identify
 l - 5 scrolls of enchant weapon
 n - 3 scrolls of enchant armour
 p - 4 scrolls of remove curse
 z - a scroll of noise
 A - 3 scrolls of blinking {unknown}
 E - a scroll of amnesia
 I - a scroll of random uselessness {unknown}
 L - a scroll of vulnerability {unknown}
Potions
 c - a potion of might
 e - 3 potions of flight {unknown}
 k - 3 potions of brilliance {unknown}
 m - 3 potions of curing
 t - a potion of haste
 x - a potion of ambrosia
 C - a potion of stabbing
 H - a potion of berserk rage {unknown}
Comestibles
 d - 9 rations


   Skills:
 * Level 8.2 Fighting
 + Level 4.3(8.4) Short Blades
 * Level 11.9(12.2) Long Blades
 + Level 5.3 Armour
 + Level 5.3 Dodging
 - Level 2.6 Stealth
 + Level 3.3 Spellcasting
 * Level 5.1 Conjurations
 + Level 3.8 Hexes
 * Level 1.5 Charms
 * Level 2.4 Ice Magic


You had 3 spell levels left.
You knew the following spells:

 Your Spells              Type           Power        Failure   Level  Hunger
a - Ozocubu's Armour      Chrm/Ice       ##......     21%         3    ###....
b - Corona                Hex            ###....      3%          1    None
d - Tukima's Dance        Hex            ###.....     10%         3    ###....
f - Dazzling Flash        Conj/Hex       ###...       8%          3    ###....
s - Song of Slaying       Chrm           #.......     13%         2    ##.....

Your spell library contained the following spells:

 Spells                   Type           Power        Failure   Level  Hunger
 Slow                     Hex            ###.....     4%          2    ##.....
 Ensorcelled Hibernation  Hex/Ice        ##....       7%          2    ##.....
 Infusion                 Chrm           #...         9%          1    None
 Confusing Touch          Hex            ###.....     10%         3    ###....
 Beastly Appendage        Tmut           #.....       16%         1    None
 Spectral Weapon          Hex/Chrm       ##......     16%         3    ###....
 Shroud of Golubria       Chrm/Tloc      #.....       17%         2    ##.....
 Inner Flame              Hex/Fire       #.......     22%         3    ###....
 Portal Projectile        Hex/Tloc       #.....       22%         3    ###....
 Sticks to Snakes         Tmut           #.......     24%         2    ##.....
 Spider Form              Tmut/Pois      #.........   43%         3    ###....
 Cause Fear               Hex            ###.......   32%         4    ####...
 Leda's Liquefaction      Hex/Erth       #.........   56%         4    ####...
 Ice Form                 Ice/Tmut       #.......     67%         4    ####...
 Blade Hands              Tmut           #.........   99%         5    ######.


Dungeon Overview and Level Annotations

Branches:
Dungeon (9/15)             Temple (1/1) D:5
   Lair: D:8-11         Orc: D:9-12

Altars:
Fedhas
Gozag
Kikubaaqudgha
Makhleb
Nemelex Xobeh
Ru
Trog
Wu Jian
Xom
Zin

Shops:
D:9 [=

Annotations:
D:3 1 runed translucent door, bmj180's ghost, amateur DrCj
D:5 1 runed translucent door, PIKKUHERKKO's ghost, amateur HOMo


Innate Abilities, Weirdness & Mutations

You can be seen from farther away. (+LOS)
You can swim through water.
You cover ground slowly.
You can hop short distances.


Message History

The killer bee becomes distracted by the nearby gold, dreaming of imaginary riches.
Found Wohineaf's Jewellery Shop.
The orc priest becomes distracted by the nearby gold, dreaming of imaginary riches.
The warg misses you.
You riposte.
You closely miss the warg.
The orc priest is no longer distracted by gold.
The orc priest becomes distracted by the nearby gold, dreaming of imaginary riches.
The warg misses you.
There is an entrance to Picvinac's Antique Armour Emporium here.
The orc priest calls down the wrath of Beogh upon you.
Beogh smites you!
* * * LOW HITPOINT WARNING * * *
The orc priest shouts!
The warg barely misses you.
The orc priest calls down the wrath of Beogh upon you.
Beogh smites you!
* * * LOW HITPOINT WARNING * * *
The warg closely misses you. The warg bites you!
You die...
Your body crumbles into a pile of gold.

.##............# .............#.#
#..........#.# .. #
#..........#.## ...... . #.
#))........#..####.#....
...#..###)....))...)............
...........).(......#.........#..
.............)..................
...............<@h..#.........#
....##.#.#.....##.......o.....###
...##.#.#.##........∩.....$o...#
##....#...##.#######............
##.....##......# ###.#.#.###.y
#.......#.###....# #...#.#
#.(........##.##....# ##..#.# #
#.......#...#.##....####..#.# ..
##......>#....##..........#.##...


You could see a warg and an orc priest.

Vanquished Creatures
  Pikel (D:6)
  A hippogriff (D:8)
  Menkaure (D:4)
  A warg (D:9)
  Duvessa (D:7)
  4 orc warriors
  5 ice beasts
  A necrophage (D:7)
  7 ogres
  2 centaurs
  2 big kobolds
  3 bullfrogs (D:6)
  A wyvern zombie (D:7)
  Dowan (D:7)
  A water moccasin zombie (D:8)
  A wyvern skeleton (D:6)
  2 scorpions
  8 killer bees (D:8)
  8 wights
  10 howler monkeys
  4 crimson imps
  2 bullfrog zombies
  3 jellies
  9 orc priests
  3 hounds
  A centaur skeleton (D:9)
  2 bullfrog skeletons
  Ijyb (D:3)
  2 iguanas
  10 orc wizards
  6 worker ants
  3 hound skeletons
  A mummy (D:4)
  8 gnolls
  10 adders
  A shadow imp (D:9)
  An adder zombie (D:7)
  An adder skeleton (D:6)
  2 worms
  5 leopard geckos
  28 orcs
  8 giant cockroaches
  5 goblins
  9 hobgoblins
  9 jackals
  13 kobolds
  3 quokkas (D:6)
  9 bats
  3 frilled lizards
  A hobgoblin zombie (D:4)
  A jackal zombie (D:9)
  3 kobold zombies (D:4)
  7 rats
235 creatures vanquished.

Vanquished Creatures (collateral kills)
  A kobold (D:7)
1 creature vanquished.

Vanquished Creatures (others)
  A dancing weapon (D:7)
  2 withered plants (D:3)
3 creatures vanquished.

Grand Total: 239 creatures vanquished

Notes
Turn   | Place    | Note
-------+----------+-------------------------------------------
     0 | D:1      | Esekla the Barachi Enchanter began the quest for the Orb.
     0 | D:1      | Reached XP level 1. HP: 13/13 MP: 3/3
   136 | D:1      | You fall into a shaft and drop 1 floor!
   149 | D:2      | Reached XP level 2. HP: 6/20 MP: 5/5
   246 | D:2      | Found an ancient bone altar of Kikubaaqudgha.
   397 | D:2      | Reached skill level 1 in Fighting
   409 | D:2      | Reached XP level 3. HP: 24/26 MP: 4/6
   475 | D:2      | Learned a level 3 spell: Tukima's Dance
   531 | D:2      | Found a burning altar of Makhleb.
   531 | D:2      | Found an opulent altar of Gozag.
   630 | D:2      | Noticed an angel
   631 | D:2      | Found a glowing silver altar of Zin.
  1201 | D:2      | Reached XP level 4. HP: 28/33 MP: 7/7
  1550 | D:2      | Became a worshipper of Gozag Ym Sagoz the Greedy
  1928 | D:3      | Reached XP level 5. HP: 26/39 MP: 9/9
  2233 | D:3      | Learned a level 3 spell: Dazzling Flash
  2399 | D:3      | Found a runed translucent door.
  2405 | D:3      | Noticed bmj180's ghost (amateur DrCj)
  2553 | D:3      | Noticed Ijyb
  3039 | D:4      | Noticed Menkaure
  3076 | D:4      | Killed Menkaure
  3076 | D:4      | Reached skill level 1 in Long Blades
  3076 | D:4      | Reached skill level 1 in Conjurations
  3076 | D:4      | Reached XP level 6. HP: 17/48 MP: 10/10
  3443 | D:5      | Entered Level 5 of the Dungeon
  3469 | D:5      | Found a blossoming altar of Fedhas.
  3537 | D:5      | Reached skill level 2 in Long Blades
  4434 | D:3      | Killed Ijyb
  4484 | D:5      | Reached skill level 3 in Long Blades
  4484 | D:5      | Reached XP level 7. HP: 38/54 MP: 7/11
  4661 | D:5      | Reached skill level 1 in Armour
  4715 | D:5      | Found a runed translucent door.
  4717 | D:5      | Noticed PIKKUHERKKO's ghost (amateur HOMo)
  4781 | D:5      | Found a blossoming altar of Fedhas.
  4800 | D:5      | Got a masterwork long sword
  4801 | D:5      | Identified the cursed +2 long sword of Defenestration
                  | {freeze, rN+} (You found it on level 5 of the Dungeon)
  4888 | D:5      | Found a staircase to the Ecumenical Temple.
  4892 | D:5      | Reached skill level 4 in Long Blades
  4906 | Temple   | Entered the Ecumenical Temple
  5809 | D:6      | Reached skill level 5 in Long Blades
  5880 | D:6      | Reached XP level 8. HP: 55/61 MP: 12/12
  5891 | D:6      | Reached skill level 5 in Fighting
  5955 | D:6      | Reached skill level 6 in Long Blades
  6129 | D:6      | Reached skill level 7 in Long Blades
  6133 | D:6      | Found a shimmering altar of Xom.
  6180 | D:6      | Noticed Pikel
  6420 | D:6      | Killed Pikel
  6420 | D:6      | Reached skill level 8 in Long Blades
  6420 | D:6      | Reached XP level 9. HP: 59/69 MP: 13/13
  6690 | D:6      | Reached skill level 9 in Long Blades
  7320 | D:7      | Noticed Duvessa
  7331 | D:7      | Noticed Dowan
  7337 | D:7      | Killed Duvessa
  7340 | D:7      | Reached skill level 10 in Long Blades
  7340 | D:7      | Reached skill level 5 in Armour
  7355 | D:7      | Killed Dowan
  7375 | D:7      | Reached XP level 10. HP: 49/79 MP: 9/14
  8318 | D:8      | Found a bloodstained altar of Trog.
  8574 | D:8      | Reached skill level 11 in Long Blades
  8770 | D:8      | Learned a level 3 spell: Ozocubu's Armour
  8773 | D:8      | Learned a level 2 spell: Song of Slaying
  8788 | D:8      | Reached skill level 5 in Dodging
  8814 | D:8      | Reached skill level 1 in Ice Magic
  8851 | D:8      | Reached skill level 5 in Conjurations
  9911 | D:8      | Reached skill level 1 in Charms
 10017 | D:9      | Found Picvinac's Antique Armour Emporium.
 10200 | D:9      | Found Wohineaf's Jewellery Shop.
 10210 | D:9      | Slain by a warg

Illustrated notes

Levels and vault maps discovered:
D:1:      minmay_arrival_open_corners, layout_basic
D:2:      layout_basic, zin_angel, gammafunk_temple_overflow_wave,
          lemuel_doored_altar, first_ration
D:3:      layout_basic, gammafunk_ghost_grave, minmay_fountain_box, uniq_ijyb
D:4:      layout_cave_pools, minmay_mini_ossuary, uniq_menkaure
D:5:      layout_basic, kennysheep_mini, minmay_temple_entry_proselytizer,
          hellmonk_ghost_happy_afterlife, fedhas_altar_fruit_tree
D:6:      layout_basic, basic_altar, uniq_pikel
D:7:      layout_cave_pools, grunt_ogre_cave, uniq_duvessa
D:8:      layout_layer_cave, trog_hazing_becter
D:9:      layout_rooms, nicolae_overflow_hidden_temple,
          erik_lair_orcish_takeover, serial_shops, shop, nicolae_shop_crystal,
          nicolae_shop_stone, lightli_corner_chamber
Temple:   nicolae_temple_elliptical

Skill      XL: |  1  2  3  4  5  6  7  8  9 10 |
---------------+-------------------------------+-----
Fighting       | 1 2 3 4 6 7 8 |  8.2
Short Blades   | 2 3 4 |  4.3
Dodging        | 3 4 5 |  5.3
Long Blades    | 1 3 5 8 10 11 | 11.9
Conjurations   | 1 2 3 4 5 |  5.1
Armour         | 2 4 5 |  5.3
Spellcasting   | 3 |  3.3
Ice Magic      | 2 |  2.4
Charms         | 1 |  1.5
Stealth        | |  2.6
Hexes          | |  3.8

Action                   |  1- 3 |  4- 6 |  7- 9 | 10-12 || total
-------------------------+-------+-------+-------+-------++-------
Melee: Dagger            |    81 |    72 |       |       ||   153
       Falchion          |       |    70 |    24 |       ||    94
       Long sword        |       |       |   214 |   228 ||   442
Throw: Boomerang         |       |       |       |     9 ||     9
 Cast: Corona            |     1 |       |       |       ||     1
       Tukima's Dance    |       |     2 |     3 |     2 ||     7
       Dazzling Flash    |       |     1 |     2 |       ||     3
       Ozocubu's Armour  |       |       |       |     3 ||     3
       Song of Slaying   |       |       |       |     2 ||     2
 Abil: Hop               |       |     2 |     2 |       ||     4
  Use: Scroll            |       |     6 |     4 |     1 ||    11
       Potion            |       |       |     4 |     1 ||     5
 Stab: Sleeping          |     3 |     6 |     4 |     1 ||    14
       Invisible         |       |       |     2 |       ||     2
       Distracted        |       |       |     2 |     1 ||     3
  Eat: Chunk             |     1 |     2 |       |       ||     3
       Ration            |       |     3 |     3 |     3 ||     9
Armor: Robe              |     9 |    25 |       |    36 ||    70
       Leather armour    |       |       |    52 |       ||    52
Dodge: Dodged            |    36 |    76 |   149 |   146 ||   407
Block: Other             |       |    19 |    51 |    45 ||   115
       Reflection        |       |       |       |    12 ||    12
       Rpst.: Falchion   |       |    16 |     6 |       ||    22
       Long sword        |       |       |    44 |    42 ||    86

Table legend:
 A = Non-vault XP
 B = Vault XP
 C = Vault XP percentage of total XP
 D = Non-vault monster count
 E = Vault monster count
 F = Vault count percentage of total count
                 A         B        C        D         E       F
            +---------+---------+-------+---------+---------+-------
      Total |    6906 |    1520 |  18.0 |     213 |      23 |   9.7
            +---------+---------+-------+---------+---------+-------
        D:1 |      21 |       0 |   0.0 |      14 |       0 |   0.0
        D:2 |     122 |       0 |   0.0 |      19 |       0 |   0.0
        D:3 |     154 |      36 |  18.9 |      20 |       1 |   4.8
        D:4 |      25 |     189 |  88.3 |       6 |       6 |  50.0
        D:5 |     337 |      44 |  11.5 |      18 |       1 |   5.3
        D:6 |    2084 |     641 |  23.5 |      49 |       1 |   2.0
        D:7 |    1067 |     351 |  24.8 |      22 |       3 |  12.0
        D:8 |    2329 |      11 |   0.5 |      39 |       6 |  13.3
        D:9 |     767 |     248 |  24.4 |      26 |       5 |  16.1
            +---------+---------+-------+---------+---------+-------
